 Dungeon Sprint DCSS version 0.29.0-13-gc9e81de378 (webtiles) character file.

Game seed: 7972841631388687033

23 yppahwax the Ruffian (level 2, -1/31 HPs)
             Began as a Troll Berserker on Sept 7, 2022.
             Was a Priest of Trog.
             Slain by a howler monkey (3 damage)
             ... in the Dungeon (Sprint IX: "|||||||||||||||||||||||||||||").
             The game lasted 00:01:04 (47 turns).

yppahwax the Ruffian (Troll Berserker)                Turns: 47, Time: 00:01:05

Health: -1/31      AC:  4    Str: 24    XL:     2   Next: 72%
Magic:  1/1        EV: 10    Int:  3    God:    Trog [***...]
Gold:   0          SH:  0    Dex:  9    Spells: 1/1 levels left

rFire   . . .      SeeInvis .     - Unarmed
rCold   . . .      Faith    .   (no shield)
rNeg    . . .      Spirit   .   a - +0 animal skin
rPois   .          Reflect  .   (helmet restricted)
rElec   .          Harm     .   (no cloak)
rCorr   .          Rampage  .   (gloves unavailable)
Will    .....      NoTele   +   (boots unavailable)
Stlth   +.........              (no amulet)
HPRegen 0.90/turn               (no ring)
MPRegen 0.07/turn               (no ring)

@: no status effects
A: large, unfitting armour, claws 3, regeneration 1, shaggy fur 1, tough skin 1
a: Renounce Religion, Berserk, Trog's Hand


You were in the Dungeon.
You worshipped Trog.
Trog was most pleased with you.
You visited 1 branch

Inventory:

Armour
 a - a +0 animal skin (worn)
Scrolls
 g - a scroll of blinking
Potions
 b - a potion of curing
 c - a potion of heal wounds
 d - a potion of haste
 e - 2 potions of magic
 f - a potion of berserk rage


   Skills:
 + Level 3.5 Fighting
 + Level 3.5 Dodging
 + Level 4.5 Unarmed Combat


You had one spell level left.
You didn't know any spells.
Your spell library was empty.

Dungeon Overview and Level Annotations

Branches:
Dungeon (1/1)

Altars:


Innate Abilities, Weirdness & Mutations

You are too large for most types of armour.
You have claws for hands.
Your natural rate of healing is unusually fast.
You are covered in fur. (AC +1)
You have tough skin. (AC +1)


Message History

You barely miss the adder.
The adder is almost dead.
You feel sick. The adder bites you.
You are more poisoned.
The adder poisons you!
You scratch the adder.
You kill the adder!
Trog accepts your kill.
You feel sick.
Your Unarmed Combat skill increases to level 4!
You have reached level 2!
Welcome back, yppahwax the Troll Berserker.
Trog says: Kill them all!
Press ? for a list of commands and other information.
You feel sick.
You feel sick. The shadow imp gestures at you. Pain shoots through your body!
* * * LOW HITPOINT WARNING * * *
You barely miss the shadow imp.
You feel sick.
The howler monkey hoots and howls with incredible vigour!
The shadow imp completely misses you.
You claw the shadow imp!
You kill the shadow imp!
Trog accepts your kill.
You feel sick.
The white imp lashes its tail.
You barely miss the howler monkey.
You feel sick.
The howler monkey hits you but does no damage.
You closely miss the howler monkey.
You feel sick.
The howler monkey hits you but does no damage.
You claw the howler monkey!
The howler monkey is severely wounded.
You feel sick.
You are no longer poisoned.
The howler monkey closely misses you.
You closely miss the howler monkey.
The howler monkey is severely wounded.
The howler monkey hits you.
You die...

▓+▓
▓.▓
▓.▓
▓.▓
▓S▓
▓5▓
▓h▓
▓@▓
▓.▓
▓.▓
▓.▓
▓.▓
▓†▓
▓.▓
▓.▓
▓.▓


You could see a howler monkey, an adder and a white imp.

Vanquished Creatures
  An adder (D)
  A shadow imp (D)
  An endoplasm (D)
  A giant cockroach (D)
  A hobgoblin (D)
  A quokka (D)
  A rat (D)
7 creatures vanquished.

Notes
Turn   | Place    | Note
-------+----------+-------------------------------------------
     0 | D        | yppahwax the Troll Berserker began the quest for the Orb.
     0 | D        | Reached XP level 1. HP: 22/22 MP: 0/0
    18 | D        | Reached ** piety under Trog
    27 | D        | Noticed a howler monkey
    40 | D        | Reached skill level 4 in Unarmed Combat
    40 | D        | Reached XP level 2. HP: 17/31 MP: 1/1
    43 | D        | Reached *** piety under Trog
    43 | D        | HP: 1/31 [poisoned by an adder]
    47 | D        | Slain by a howler monkey

Illustrated notes

Levels and vault maps discovered:
D:        linesprint [early_d, line_temple, items_1, d_10, items_2, lair_1,
          lair_end, items_3, orc_1, orc_end, items_4, d_15, swamp_1, shoals_1,
          snake_1, spider_1, d_20, vaults_1, items_5, swamp_end, shoals_end,
          snake_end, spider_end, vaults_end, d_27, items_6, zot_1, zot_end,
          crypt_end, forest_end, elf_end, slime_end, tomb_end, abyss_end,
          pan_hell_end]

Skill      XL: |  1 |
---------------+----+-----
Fighting       | 3 |  3.5
Dodging        | 3 |  3.5
Unarmed Combat | 4 |  4.5

Action                   || total
-------------------------++-------
Melee: Unarmed           ||    35
Armor: Animal skin       ||     7
Dodge: Dodged            ||    12
